AoeStats
← agamemnon_of_mycenae

Arabia

510133622Analyzed
2v2 RM · 2d ago on Sep 29, 2026· 48m 6s· 4 players
Game mode
Random Map
Map size
Medium (4 player)
Population
200
Speed
Normal
Resources
Standard
Victory
Conquest
Starting age
Dark Age
Ending age
Imperial Age
RankedLock teamsTeams togetherTeam positionsShared explorationLock speedFull tech treeHidden civsTurbo modeCheats
Victory
Defeat
🇸🇪 Khmer · Sweden
1046
+15
🇺🇸 Franks · United States
1024
+16
🇨🇴 Hindustanis · Colombia
1031
-16
🇺🇸 Khmer · United States
1016
-15
RonyPasteliny97
4:54 Loom
12:11 Feudal Age
20:29 Castle Age
19:27 Horse Collar
19:36 Double-Bit Axe
20:27 Gold Mining
21:39 Bow Saw
24:20 Elite Skirmisher
25:22 Padded Archer Armor
25:13 Fletching
34:23 Wheelbarrow
36:23 Leather Archer Armor
36:04 Bodkin Arrow
CarRod2508
2:18 Loom
9:17 Feudal Age
10:44 Double-Bit Axe
15:39 Scale Barding Armor
17:58 Forging
24:07 Castle Age
24:34 Bloodlines
24:52 Fletching
25:02 Padded Archer Armor
25:46 Wheelbarrow
27:54 Elite Skirmisher
28:41 Thumb Ring
28:40 Bodkin Arrow
31:45 Husbandry
34:55 Scale Mail Armor
37:10 Chain Mail Armor
37:31 Iron Casting
38:58 Squires
41:45 Imperial Age
39:40 Chain Barding Armor
41:33 Hand Cart
41:57 Ballistics
41:33 Murder Holes
42:12 Leather Archer Armor
42:31 Grand Trunk Road
42:53 Conscription
44:23 Blast Furnace
42:51 Light Cavalry
44:53 Bracer
47:12 Plate Barding Armor
47:10 Ring Archer Armor
47:08 Elite Ghulam
agamemnon_of_mycenae
6:52 Loom
10:28 Feudal Age
11:45 Wheelbarrow
10:57 Double-Bit Axe
16:32 Castle Age
15:05 Gold Mining
15:14 Fletching
16:41 Padded Archer Armor
18:03 Gold Shaft Mining
19:12 Leather Archer Armor
19:40 Bodkin Arrow
21:14 Husbandry
21:38 Ballistics
22:20 Bow Saw
24:31 Hand Cart
28:39 Stone Mining
34:35 Ordonnance Companies
38:16 Imperial Age
39:20 Conscription
38:35 Heavy Mounted Crossbowman
38:37 Cranequins
40:28 Chemistry
QuitTouchingMe
7:32 Loom
9:43 Feudal Age
12:37 Double-Bit Axe
14:25 Bloodlines
14:28 Forging
16:45 Scale Barding Armor
17:34 Horse Collar
21:27 Castle Age
23:32 Bow Saw
23:42 Husbandry
23:39 Gold Mining
26:30 Wheelbarrow
26:59 Town Watch
30:36 Imperial Age
29:30 Gold Shaft Mining
31:26 Crossbowman
32:57 Fletching
33:08 Padded Archer Armor
33:36 Bodkin Arrow
33:37 Arbalester
35:46 Bracer
35:47 Capped Ram
39:55 Ballistics
40:37 Chemistry
39:47 Padded Archer Armor
40:15 Hand Cart
40:40 Siege Ram
43:00 Onager
43:43 Siege Ram
46:06 Leather Archer Armor
48:11 Double Crossbow
47:58 Light Cavalry
Connection lost

Rejoining the realm…

Still unreachable

The connection could not be restored.

Session expired

The server has moved on; the page needs a fresh start.